 Dungeon Crawl Stone Soup version 0.27-a0-998-g4cfe56dd59 (webtiles) character file.

Game seed: 11286113690904763151

92 vurker the Magician (level 4, -2/33 HPs)
             Began as a Djinni Air Elementalist on Apr 16, 2021.
             Slain by a scorpion (8 damage)
             ... on level 6 of the Dungeon.
             The game lasted 00:01:49 (2679 turns).

vurker the Magician (Djinni Air Elementalist)       Turns: 2679, Time: 00:01:49

Health: -2/33      AC:  3    Str:  7    XL:     4   Next: 60%
Gold:   72         EV: 12    Int: 18    God:
                   SH:  0    Dex: 13

rFire    + + .     SeeInvis .   c - +0 dagger
rCold    x . .     Faith    .   (no shield)
rNeg     . . .     Spirit   .   a - +0 robe
rPois    ∞         Reflect  .   (no helmet)
rElec    .         Harm     .   (no cloak)
rCorr    .         Rampage  .   h - +0 pair of gloves
Will     .....                  (boots unavailable)
Stlth    ++........             (no amulet)
HPRegen  0.11/turn              (no ring)
MPRegen  0.00/turn              (no ring)

@: flying
A: fire resistance 2, cold vulnerability 1, float, innate caster, hp casting,
extra vitality 1
a: no special abilities


You were on level 6 of the Dungeon.
You visited 1 branch of the dungeon, and saw 4 of its levels.

You collected 72 gold pieces.

Inventory:

Hand Weapons
 c - a +0 dagger (weapon)
   (You took it off a kobold on level 1 of the Dungeon)
Armour
 a - a +0 robe (worn)
 h - a +0 pair of gloves (worn)
   (You found it on level 2 of the Dungeon)
Scrolls
 e - a scroll of enchant armour {unknown}
 f - 3 scrolls of teleportation {unknown}
 i - 2 scrolls of identify {unknown}
Potions
 b - a potion of ambrosia {unknown}
 d - 3 potions of curing {unknown}
 g - a potion of magic {unknown}
 j - a potion of might {unknown}


   Skills:
 + Level 2.1 Fighting
 - Level 2.1 Dodging
 - Level 1.5 Stealth
 * Level 4.0 Spellcasting


You couldn't memorise any spells.
You knew the following spells:

 Your Spells              Type           Power      Damage    Failure   Level
a - Shock                 Conj/Air       72%        1d7       2%          1
b - Static Discharge      Conj/Air       18%        N/A       4%          2
c - Swiftness             Air            18%        N/A       9%          3
d - Airstrike             Air            9%         N/A       28%         4
e - Lightning Bolt        Conj/Air       9%         1d21      61%         5
f - Beastly Appendage     Tmut           36%        N/A       2%          1
Your spell library was empty.

Dungeon Overview and Level Annotations

Branches:
Dungeon (3/15)

Altars:


Innate Abilities, Weirdness & Mutations

You are immune to poison.
Your flesh is very heat resistant. (rF++)
You are vulnerable to cold. (rC-)
You float through the air rather than walking.
You learn spells naturally, not from books.
Your magical power is your life essence.
You have superior vitality. (+4 HP)


Message History

Done exploring.
Done exploring.
Done exploring.
There is a stone staircase leading down here.
You fly downwards.
There is a stone staircase leading up here.
Found a smoky amethyst potion.
j - a smoky amethyst potion
Found a stone staircase leading down.
You are sucked into a shaft and drop 3 floors!
The shaft crumbles and collapses.
Found 6 gold pieces.
An iguana and a scorpion come into view.
Aim: an iguana (wandering, hasn't noticed you, 75% to hit)
The zap hits the iguana.
The iguana hisses angrily.
Aim: an iguana (moderately wounded, 75% to hit)
The zap hits the iguana.
Aim: an iguana (moderately wounded, 75% to hit)
The zap hits the iguana but does no damage.
The iguana bites you!
The iguana bites you but does no damage.
The iguana bites you.
* * * LOW HITPOINT WARNING * * *
Aim: an iguana (moderately wounded, 75% to hit)
The zap hits the scorpion.
The zap hits the iguana.
* * * LOW HITPOINT WARNING * * *
The scorpion closely misses you.
Aim: an iguana (heavily wounded, 75% to hit)
The zap hits the scorpion.
The zap hits the iguana.
* * * LOW HITPOINT WARNING * * *
The scorpion stings you.
* * * LOW HITPOINT WARNING * * *
Aim: an iguana (severely wounded, 75% to hit)
The zap hits the scorpion.
The zap hits the iguana.
* * * LOW HITPOINT WARNING * * *
The scorpion barely misses you. x2
Unknown command.
Aim: an iguana (almost dead, 75% to hit)
The zap hits the scorpion.
The zap hits the iguana.
You kill the iguana!
* * * LOW HITPOINT WARNING * * *
The scorpion closely misses you.
Your Fighting skill increases to level 2!
Your Spellcasting skill increases to level 4!
Aim: a scorpion (severely wounded, 71% to hit)
The zap misses the scorpion.
* * * LOW HITPOINT WARNING * * *
The scorpion stings you!
You die...

##############...
+..$.@s..........
########....#####
#....# #....#
######


You could see a scorpion.

Vanquished Creatures
  An iguana (D:6)
  2 adders (D:2)
  A worm (D:2)
  A dart slug (D:2)
  5 bats
  2 endoplasms (D:1)
  A giant cockroach (D:2)
  5 goblins
  3 hobgoblins (D:1)
  3 jackals (D:1)
  3 kobolds
  2 quokkas
  3 ball pythons (D:1)
  2 frilled lizards
  9 rats
43 creatures vanquished.

Notes
Turn   | Place    | Note
-------+----------+-------------------------------------------
     0 | D:1      | vurker the Djinni Air Elementalist began the quest for the
                  | Orb.
     0 | D:1      | Reached XP level 1. HP: 15/15 MP: 0/0
   241 | D:1      | Reached skill level 3 in Spellcasting
   241 | D:1      | Reached XP level 2. HP: 13/22 MP: 0/0
   574 | D:1      | Reached skill level 1 in Fighting
  1115 | D:1      | Reached XP level 3. HP: 15/27 MP: 0/0
  1115 | D:1      | Learned a level 1 spell: Beastly Appendage
  1955 | D:2      | Reached XP level 4. HP: 24/33 MP: 0/0
  2667 | D:3      | You are sucked into a shaft and drop 3 floors!
  2668 | D:6      | Noticed a scorpion
  2679 | D:6      | Reached skill level 4 in Spellcasting
  2679 | D:6      | Slain by a scorpion

Illustrated notes

Levels and vault maps discovered:
D:1:      dpeg_arrival_three_same_balls, layout_loops_corners,
          ebering_dispersal_statue_hall, moated_statue,
          chequers_serial_rivers_micro_c
D:2:      layout_loops_cross
D:3:      layout_loops_cross, marbit_many_paths
D:6:      layout_basic

Skill      XL: |  1  2  3  4 |
---------------+-------------+-----
Spellcasting   | 3 4 |  4.0
Fighting       | 1 2 |  2.1
Dodging        | |  2.1
Stealth        | |  1.5

Action                   |  1- 3 |  4- 6 || total
-------------------------+-------+-------++-------
 Cast: Shock             |    81 |    20 ||   101
Armor: Robe              |     1 |     1 ||     2
Dodge: Dodged            |    17 |     4 ||    21

Table legend: (Time is in decaauts)
 A = Elapsed time spent in this place.
 B = Non-inter-level travel time spent in this place.
 C = Inter-level travel time spent in this place.
 D = Time resting spent in this place.
 E = Time spent auto-exploring this place.
 F = Levels seen in this place.
 G = Mean time per level.
                   A        B        C        D        E       F      G
               +--------+--------+--------+--------+--------+-----+--------+
         Total |   2677 |   2633 |     44 |      0 |   2439 |   4 |  669.2 |
       Dungeon |   2677 |   2633 |     44 |      0 |   2439 |   4 |  669.2 |
               +--------+--------+--------+--------+--------+-----+--------+

Top non-repeatable levels by time:
     D:1: 1602 daAuts
     D:2: 1037 daAuts
     D:3: 25 daAuts
     D:6: 11 daAuts
